 Dungeon Crawl Stone Soup version 0.21.1-1-g345015f (webtiles) character file.

211 Mirai the Chopper (level 5, -7/47 HPs)
             Began as a Hill Orc Fighter on Mar 4, 2018.
             Mangled by Duvessa
             ... wielding a +4 rapier of electrocution
              (13 damage)
             ... on level 4 of the Dungeon.
             The game lasted 00:06:33 (2738 turns).

Mirai the Chopper (Hill Orc Fighter)                Turns: 2738, Time: 00:06:34

Health: -7/47      AC:  4    Str: 19    XL:     5   Next: 88%
Magic:  5/5        EV:  8    Int:  8    God:
Gold:   159        SH:  9    Dex:  8    Spells: 4/4 levels left

rFire    . . .     SeeInvis .   a - +0 war axe
rCold    . . .     Gourm    .   c - +0 shield
rNeg     . . .     Faith    .   y - +0 leather armour (curse)
rPois    .         Spirit   .   (no helmet)
rElec    .         Reflect  .   w - +0 cloak
rCorr    .         Harm     .   (no gloves)
MR       .....                  (no boots)
Stlth    ++........             (no amulet)
HPRegen  0.15/turn              o - ring of stealth
MPRegen  0.09/turn              D - -3 ring of dexterity (curse)

@: no status effects
A: no striking features
a: no special abilities


You were on level 4 of the Dungeon.
You were not hungry.

You visited 1 branch of the dungeon, and saw 4 of its levels.

You collected 159 gold pieces.

Inventory:

Hand Weapons
 a - a +0 war axe (weapon)
Armour
 b - a +0 scale mail
 c - a +0 shield (worn)
 g - a +0 ring mail
 p - a +0 scale mail
 r - a +0 scale mail
 s - a +0 ring mail
 w - a +0 cloak (worn)
 y - a cursed +0 leather armour (worn)
 A - a +0 plate armour
 B - a +0 leather armour
Jewellery
 n - an uncursed ring of magical power
 o - a ring of stealth (left hand)
 z - an uncursed amulet of faith
 D - a cursed -3 ring of dexterity (right hand)
Scrolls
 e - 3 scrolls of identify
 h - a scroll of blinking
Potions
 d - a potion of might
 j - a potion of invisibility
 k - 2 potions of lignification {unknown}
 m - a potion of flight {unknown}
 u - a potion of mutation {unknown}
 x - a potion of resistance {unknown}
 C - a potion of curing {unknown}
Books
 i - a book of Annihilations

   Spells                             Type                      Level
   a - Poison Arrow                   Conjuration/Poison           6
   b - Chain Lightning                Conjuration/Air              8
   c - Lehudib's Crystal Spear        Conjuration/Earth            8
   d - Glaciate                       Conjuration/Ice              9
   e - Fire Storm                     Conjuration/Fire             9
 q - a book of Changes

   Spells                             Type                      Level
   a - Beastly Appendage              Transmutation                1
   b - Sticks to Snakes               Transmutation                2
   c - Spider Form                    Transmutation/Poison         3
   d - Ice Form                       Ice/Transmutation            4
   e - Blade Hands                    Transmutation                5
 t - a book of Cantrips

   Spells                             Type                      Level
   a - Confusing Touch                Hexes                        1
   b - Animate Skeleton               Necromancy                   1
   c - Summon Small Mammal            Summoning                    1
   d - Apportation                    Translocation                1
Comestibles
 f - 5 rations


   Skills:
 + Level 4.3 Fighting
 + Level 5.6 Axes
 + Level 4.2 Armour
 + Level 4.3 Shields


You had 4 spell levels left.
You didn't know any spells.

Dungeon Overview and Level Annotations

Branches:
Dungeon (4/15)
 Temple: D:4-7

Altars:
Ashenzari

Annotations:
D:4 Dowan, Duvessa


Message History

Duvessa is lightly wounded.
You hit Dowan.
Dowan casts a spell.
Dowan blinks!
Duvessa hits you with a rapier of electrocution!
You hit Duvessa.
Duvessa is moderately wounded.
Duvessa hits you with a rapier of electrocution.
* * * LOW HITPOINT WARNING * * *
You slash Duvessa!
Duvessa is severely wounded.
Duvessa completely misses you.
Dowan gestures at Duvessa while chanting.
Duvessa seems to speed up.
You hit Duvessa.
Duvessa is almost dead.
Duvessa hits you with a rapier of electrocution.
* * * LOW HITPOINT WARNING * * *
Duvessa hits you with a rapier of electrocution!
You die...

# #.....# ......
#.#.#.## #...
.####....... #...
...#.#.#.##
#......##.#.....## #
#...... #.........
.#.####.##.####...#.####
.......e.e........#.####
#.....@##.###....#.....
######.##.# #....######
#.##.###....#
#.##.##.....#
#.......#...#
######....#.# #.#..#.#
#.#....# #.#.###.. .


You could see Duvessa and Dowan.

Vanquished Creatures
  A crimson imp (D:2)
  Crazy Yiuf (D:2)
  Terence (D:2)
  An iguana (D:3)
  3 adders
  2 worms
  A dart slug (D:3)
  3 leopard geckos
  An orc (D:3)
  7 giant cockroaches
  8 goblins
  6 hobgoblins
  5 kobolds
  9 bats
  4 frilled lizards
  9 rats
62 creatures vanquished.

Notes
Turn   | Place    | Note
-------+----------+-------------------------------------------
     0 | D:1      | Mirai the Hill Orc Fighter began the quest for the Orb.
     0 | D:1      | Reached XP level 1. HP: 19/19 MP: 1/1
   103 | D:1      | Reached XP level 2. HP: 19/27 MP: 2/2
   189 | D:1      | Reached skill level 3 in Axes
   609 | D:1      | Reached XP level 3. HP: 31/33 MP: 3/3
  1143 | D:2      | Reached skill level 4 in Axes
  1143 | D:2      | Reached XP level 4. HP: 35/40 MP: 4/4
  1208 | D:2      | Noticed Terence
  1224 | D:2      | Killed Terence
  1354 | D:2      | Found a shattered altar of Ashenzari.
  1611 | D:2      | Reached XP level 5. HP: 46/46 MP: 5/5
  1809 | D:2      | Found a runed door.
  1813 | D:2      | Noticed Crazy Yiuf
  1816 | D:2      | Killed Crazy Yiuf
  1816 | D:2      | Reached skill level 5 in Axes
  2727 | D:4      | Noticed Duvessa
  2728 | D:4      | Noticed Dowan
  2738 | D:4      | Mangled by Duvessa

Skill      XL: |  1  2  3  4  5 |
---------------+----------------+-----
Axes           | 3 4 5 |  5.6
Fighting       | 4 |  4.3
Shields        | 4 |  4.3
Armour         | 4 |  4.2

Action                   |  1- 3 |  4- 6 || total
-------------------------+-------+-------++-------
Melee: War axe           |   117 |   151 ||   268
  Use: Scroll            |       |     6 ||     6
       Potion            |       |     1 ||     1
 Stab: Sleeping          |       |     1 ||     1
  Eat: Chunk             |     1 |     5 ||     6
Armor: Scale mail        |    76 |    31 ||   107
       Leather armour    |       |    11 ||    11
Dodge: Dodged            |    51 |    40 ||    91
Block: Shield            |    73 |    73 ||   146
